 Dungeon Crawl Stone Soup version 0.22-a0-482-g76e0a5f (webtiles) character file.

1146 Gildenfire the Chopper (level 8, -17/48 HPs)
             Began as a Tengu Fighter on June 17, 2018.
             Killed from afar by a deep elf mage (34 damage)
             ... with a bolt of cold
             ... on level 5 of the Dungeon.
             The game lasted 00:24:26 (3676 turns).

Gildenfire the Chopper (Tengu Fighter)              Turns: 3676, Time: 00:24:27

Health: -17/48     AC:  9    Str: 18    XL:     8   Next: 38%
Magic:  0/13       EV:  9    Int: 10    God:
Gold:   346        SH:  9    Dex: 13    Spells: 13/13 levels left

rFire    . . .     SeeInvis +   a - +0 war axe
rCold    . . .     Gourm    .   c - +0 shield
rNeg     . . .     Faith    .   t - +0 scale mail
rPois    +         Spirit   +   (helmet restricted)
rElec    .         Reflect  .   k - scarf {Spirit}
rCorr    .         Harm     .   s - +1 pair of gloves
MR       .....                  (boots unavailable)
Stlth    ..........             (no amulet)
HPRegen  0.16/turn              j - ring of see invisible
MPRegen  0.13/turn              g - ring of poison resistance

@: no status effects
A: beak, talons 3, able to fly 1
a: Fly


You were on level 5 of the Dungeon.
You were hungry.

You visited 1 branch of the dungeon, and saw 5 of its levels.

You collected 346 gold pieces.

Inventory:

Hand Weapons
 a - a +0 war axe (weapon)
 r - a +2 dagger of holy wrath
Armour
 c - a +0 shield (worn)
 k - a scarf of spirit shield (worn)
 s - a +1 pair of gloves (worn)
 t - a +0 scale mail (worn)
Jewellery
 g - a ring of poison resistance (right hand)
 j - a ring of see invisible (left hand)
Wands
 o - a wand of flame (18)
Scrolls
 h - a scroll of identify
 p - a scroll of blinking
Potions
 b - a potion of haste {unknown}
 d - a potion of might
 e - a potion of magic {unknown}
 i - 2 potions of agility
 l - 3 potions of lignification
 m - a potion of mutation
 n - a potion of curing
 q - a potion of cancellation {unknown}
 u - a potion of berserk rage {unknown}
Comestibles
 f - 7 rations


   Skills:
 * Level 4.3 Fighting
 * Level 6.6 Axes
 * Level 5.0 Armour
 * Level 3.0 Dodging
 - Level 0.4 Stealth
 * Level 4.7 Shields
 * Level 3.1 Spellcasting
 + Level 0.2 Evocations


You had 13 spell levels left.
You didn't know any spells.
Your spell library contained the following spells:

 Spells                   Type           Power        Failure   Level  Hunger
 Corona                   Hex            #......      97%         1    #......


Dungeon Overview and Level Annotations

Branches:
Dungeon (5/15)
 Temple: D:4-7

Altars:
Ashenzari
Dithmenos
Kikubaaqudgha
Nemelex Xobeh
Sif Muna
Trog
Vehumet

Shops:
D:5 =

Annotations:
D:5 1 transporter


Innate Abilities, Weirdness & Mutations

You have a beak for a mouth.
You have claws for feet.
You can fly.


Message History

You hit the deep elf mage.
The deep elf mage is moderately wounded.
You hit the yak but do no damage. The deep elf mage closely misses you.
The yak gores you but does no damage.
You completely miss the deep elf mage. Your kick misses the deep elf mage.
The deep elf mage is moderately wounded.
You slash the yak!
The deep elf mage hits you but does no damage.
The yak gores you but does no damage.
You miss the deep elf mage. You claw the deep elf mage.
You peck the deep elf mage.
The deep elf mage is heavily wounded.
You hit the yak. You block the deep elf mage's attack. The yak gores you.
You closely miss the deep elf mage. Your peck misses the deep elf mage.
The deep elf mage is heavily wounded.
You hit the yak but do no damage. You block the yak's attack.
The deep elf mage points at you and mumbles some strange words.
The bolt of cold hits you!
Ouch! That really hurt!
You die...

....#...#.##.................#
..........##.#####.......#####
....########.#####......##
.##.######......##.#...##
.....#.##....##.##.##..##
..........#..##.##.###..#
###.##.##.............#.#
###.##.###..#########...#
....##.# #.##...@eZ.##..#
.#####.###.#8..#Y#c.8#..## .#
#.....#.#$(#.c.#..#...# ##
#.......#_[.......#...# #
#......©#.(....©..#©..# #
#...)...#_$.....(.#..## #
#.....#.#$$#...#..#.## #
#######.#8..#.#..8#.#
#.##.......##.#


You could see a centaur warrior, a deep elf mage, a yak, a centaur and a hound
zombie.

Vanquished Creatures
  Eustachio (D:4)
  The ghost of Gildenfire the Chopper, an amateur TeSk (D:3)
  Duvessa (D:4)
  2 centaurs (D:5)
  A scorpion (D:4)
  Dowan (D:4)
  2 orc priests
  2 jellies (D:5)
  Crazy Yiuf (D:4)
  A hound (D:4)
  5 orc wizards
  A bullfrog skeleton (D:4)
  An iguana (D:4)
  Natasha (D:4)
  A worker ant (D:4)
  3 adders
  An ooze (D:1)
  2 adder skeletons (D:5)
  4 worms
  A leopard gecko (D:5)
  9 orcs
  8 giant cockroaches
  8 goblins
  13 hobgoblins
  6 jackals
  2 quokkas (D:3)
  13 bats
  7 frilled lizards
  A jackal zombie (D:5)
  7 kobolds
  6 rats
113 creatures vanquished.

Notes
Turn   | Place    | Note
-------+----------+-------------------------------------------
     0 | D:1      | Gildenfire the Tengu Fighter began the quest for the Orb.
     0 | D:1      | Reached XP level 1. HP: 14/14 MP: 2/2
    12 | D:1      | Noticed an electric eel
   200 | D:1      | Reached XP level 2. HP: 19/19 MP: 3/3
   567 | D:1      | Reached XP level 3. HP: 23/23 MP: 4/4
   961 | D:2      | Found a shattered altar of Ashenzari.
  1136 | D:2      | Reached XP level 4. HP: 28/28 MP: 5/5
  1486 | D:3      | Reached skill level 3 in Axes
  1602 | D:3      | Reached skill level 1 in Dodging
  1741 | D:3      | Found a shadowy altar of Dithmenos.
  1762 | D:3      | Found a glowing drain.
  1965 | D:3      | Noticed Gildenfire's ghost (amateur TeSk)
  1982 | D:3      | Killed Gildenfire's ghost
  1982 | D:3      | Reached skill level 4 in Axes
  1982 | D:3      | Reached skill level 1 in Spellcasting
  1982 | D:3      | Gained mutation: You can fly. [Tengu growth]
  1982 | D:3      | Reached XP level 5. HP: 21/33 MP: 4/7
  2110 | D:3      | Reached XP level 6. HP: 35/38 MP: 8/8
  2151 | D:3      | Found an ancient bone altar of Kikubaaqudgha.
  2153 | D:3      | Found a radiant altar of Vehumet.
  2157 | D:3      | Found a deep blue altar of Sif Muna.
  2163 | D:3      | Identified Sif Muna's Tome of the Oath
  2609 | D:4      | Noticed Eustachio
  2620 | D:4      | Reached skill level 5 in Axes
  2620 | D:4      | Reached XP level 7. HP: 12/43 MP: 6/10
  2650 | D:4      | Killed Eustachio
  2868 | D:4      | Noticed Natasha
  2868 | D:4      | Noticed Dowan
  2876 | D:4      | Killed Natasha
  2886 | D:4      | Killed Dowan
  2910 | D:4      | Noticed Duvessa
  2915 | D:4      | Killed Duvessa
  2915 | D:4      | Reached XP level 8. HP: 18/48 MP: 6/13
  2923 | D:4      | Found a runed door.
  2927 | D:4      | Noticed Crazy Yiuf
  2941 | D:4      | Killed Crazy Yiuf
  3047 | D:5      | Entered Level 5 of the Dungeon
  3063 | D:5      | Noticed a yak
  3063 | D:5      | Noticed a centaur warrior
  3064 | D:5      | Found a sparkling altar of Nemelex Xobeh.
  3065 | D:5      | Found a bloodstained altar of Trog.
  3065 | D:5      | Noticed a deep elf mage
  3069 | D:5      | Found a transporter.
  3135 | D:5      | Reached skill level 6 in Axes
  3221 | D:5      | Found Vumedomo's Jewellery Shoppe.
  3321 | D:5      | Reached skill level 5 in Armour
  3403 | D:5      | Found a bloodstained altar of Trog.
  3461 | D:5      | Found a transporter.
  3676 | D:5      | Killed from afar by a deep elf mage

Vault maps used:
D:1:      arrival_aquarium_a, grunt_decor_arrowhead, bh_walls_and_bars
D:2:      first_ration, evilmike_ruin_ashenzari
D:3:      grunt_temple_overflow_magic_moments, nicolae_dithmenos_shadow_blocks,
          gup_sewer_entry_glass, serial_bayou_pond_d
D:4:      uniq_eustachio, uniq_natasha, uniq_duvessa, uniq_crazy_yiuf_cottage
D:5:      gammafunk_temple_overflow_arena, serial_shops, shop,
          trog_three_pillars_becter

Skill      XL: |  1  2  3  4  5  6  7  8 |
---------------+-------------------------+-----
Axes           | 4 5 6 |  6.6
Dodging        | 1 2 3 |  3.0
Armour         | 4 5 |  5.0
Spellcasting   | 1 2 3 |  3.1
Shields        | 4 |  4.7
Fighting       | 4 |  4.3
Stealth        | |  0.4
Evocations     | |  0.2

Action                   |  1- 3 |  4- 6 |  7- 9 || total
-------------------------+-------+-------+-------++-------
Melee: War axe           |    76 |   158 |    96 ||   330
       Kick              |    16 |    38 |    31 ||    85
       Peck              |     9 |    28 |    18 ||    55
 Abil: Fly               |       |     1 |       ||     1
Evoke: Wand              |       |       |     5 ||     5
  Use: Scroll            |     1 |     8 |       ||     9
       Potion            |       |       |     3 ||     3
  Eat: Chunk             |     1 |     5 |     3 ||     9
Armor: Scale mail        |    36 |    27 |    61 ||   124
       Ring mail         |       |    29 |       ||    29
Dodge: Dodged            |    22 |    53 |    37 ||   112
Block: Shield            |    47 |    74 |    60 ||   181

Table legend:
 A = Spawn XP
 B = Non-spawn XP
 C = Spawn XP percentage of total XP
 D = Spawn monster count
 E = Non-spawn monster count
 F = Spawn count percentage of total count
 G = Total turns spent on level
                    A         B        C        D         E        F      G
               +---------+---------+-------+---------+---------+-------+---------
         Total |       0 |    1638 |   0.0 |       0 |     113 |   0.0 |  3676
               +---------+---------+-------+---------+---------+-------+---------
           D:1 |       0 |      41 |   0.0 |       0 |      24 |   0.0 |   884
           D:2 |       0 |      50 |   0.0 |       0 |      22 |   0.0 |   576
           D:3 |       0 |     310 |   0.0 |       0 |      33 |   0.0 |   800
           D:4 |       0 |     844 |   0.0 |       0 |      21 |   0.0 |   787
           D:5 |       0 |     393 |   0.0 |       0 |      13 |   0.0 |   629
               +---------+---------+-------+---------+---------+-------+---------
